 Dungeon Crawl Stone Soup version 0.25.0-46-gbd7b0854d2 (webtiles) character file.

Game seed: 13248567376107306625

5019 Ethylacetat the Zephyrmancer (level 10, -3/63 HPs)
             Began as an Octopode Air Elementalist on July 15, 2020.
             Was a Follower of Vehumet.
             Shot with an arrow by a centaur warrior (12 damage)
             ... on level 9 of the Dungeon.
             The game lasted 00:32:25 (9195 turns).

Ethylacetat the Zephyrmancer (OpAE)                 Turns: 9195, Time: 00:32:26

Health: -3/63      AC: 10    Str:  8    XL:     10   Next: 55%
Magic:  29/36      EV: 13    Int: 22    God:    Vehumet [*.....]
Gold:   207        SH:  7    Dex: 13    Spells: 9/19 levels left

rFire    + . .     SeeInvis +   E - +11 long sword of Liad {protect, +Rage rF+}
rCold    . . .     Gourm    .   F - +2 buckler {AC+3}
rNeg     . . .     Faith    .   c - +2 hat {SInv}
rPois    .         Spirit   .   (no amulet)
rElec    .         Reflect  .   k - ring of magical power
rCorr    .         Harm     .   a - +4 ring of protection
MR       .....                  t - ring of magical power
Stlth    ++++......             x - +4 ring of slaying
HPRegen  0.20/turn              (no ring)
MPRegen  0.25/turn              (no ring)
                                (no ring)
                                (no ring)

@: no status effects
A: almost no armour, stealthy swim, amphibious, 8 rings, constrict 8, camouflage
1, clever 1, gelatinous body 1
a: Renounce Religion, Evoke Berserk Rage


You were on level 9 of the Dungeon.
You worshipped Vehumet.
Vehumet was aware of your devotion.
You were hungry.

You visited 2 branches of the dungeon, and saw 10 of its levels.

You collected 379 gold pieces.
You spent 172 gold pieces at shops.

Inventory:

Hand Weapons
 C - a +7 trident
 E - the +11 long sword of Liad (weapon) {protect, +Rage rF+}
   (You found it on level 7 of the Dungeon)

   It grants its wielder temporary protection when it strikes (+7 to AC).
   It protects you from fire.
   It lets you go berserk.
Missiles
 y - a throwing net (quivered)
Armour
 c - a +2 hat of see invisible (worn)
 F - a +2 buckler of protection (worn)
Jewellery
 a - a +4 ring of protection (right tentacle)
 k - a ring of magical power (left tentacle)
 t - a ring of magical power (on tentacle)
 x - a +4 ring of slaying (on tentacle)
Wands
 i - a wand of iceblast (7)
 p - a wand of disintegration (26)
 u - a wand of enslavement (6)
 z - a wand of acid (12)
 A - a wand of clouds (6)
Scrolls
 d - 4 scrolls of amnesia
 e - 2 scrolls of immolation
 f - a scroll of magic mapping {unknown}
 g - 5 scrolls of teleportation
 m - 3 scrolls of identify
 o - 3 scrolls of enchant weapon
 r - 2 scrolls of blinking
 s - a scroll of fog {unknown}
 v - 3 scrolls of remove curse
 w - 2 scrolls of fear {unknown}
Potions
 h - 2 potions of lignification
 j - a potion of magic {unknown}
 l - 4 potions of curing
 n - 2 potions of heal wounds
Comestibles
 b - 14 rations
 q - 4 chunks of flesh


   Skills:
 + Level 3.9 Fighting
 + Level 4.1 Long Blades
 - Level 2.0 Dodging
 - Level 6.4 Stealth
 + Level 3.6 Shields
 + Level 5.4 Spellcasting
 * Level 7.7 Conjurations
 * Level 8.2 Air Magic
 + Level 4.3 Evocations


You had 9 spell levels left.
You knew the following spells:

 Your Spells              Type           Power        Failure   Level  Hunger
a - Shock                 Conj/Air       ####         1%          1    None
b - Airstrike             Air            #####.....   3%          4    ####...
c - Lightning Bolt        Conj/Air       #####.....   11%         5    #####..

Your spell library contained the following spells:

 Spells                   Type           Power        Failure   Level  Hunger
 Magic Dart               Conj           ####         1%          1    None
 Static Discharge         Conj/Air       #####...     1%          3    ##.....
 Swiftness                Chrm/Air       ###.....     2%          2    None
 Dazzling Flash           Conj/Hex       ###...       6%          3    ##.....
 Corona                   Hex            #......      10%         1    None
 Ensorcelled Hibernation  Hex/Ice        #.....       16%         2    None
 Confusing Touch          Hex            #.......     30%         3    ##.....
 Gell's Gravitas          Tloc           #.........   30%         3    ##.....
 Tukima's Dance           Hex            #.......     30%         3    ##.....
 Petrify                  Tmut/Erth      #.......     69%         4    ####...
 Metabolic Englaciation   Hex/Ice        #.........   95%         5    #####..
 Yara's Violent Unravell  Hex/Tmut       #.........   95%         5    #####..


Dungeon Overview and Level Annotations

Branches:
Dungeon (9/15)             Temple (1/1) D:5
   Lair: D:8-11         Orc: D:9-12

Altars:
Ashenzari
Cheibriados
Dithmenos
Elyvilon
Fedhas
Gozag
Hepliaklqana
Kikubaaqudgha
Makhleb
Nemelex Xobeh
Okawaru
Qazlal
Ru
Sif Muna
Trog
Uskayaw
Vehumet
Wu Jian
Xom
Yredelemnul
Zin
The Shining One

Shops:
D:4 =   D:8 [

Annotations:
D:5 2 runed translucent doors, generaletaddeo's ghost, amateur DEWz


Innate Abilities, Weirdness & Mutations

You cannot wear most types of armour.
You are very stealthy in the water. (Stealth+)
You are amphibious.
You can wear up to eight rings at the same time.
You can use your tentacles to constrict eight enemies at once.
Your skin changes colour to match your surroundings (Stealth+).
Your rubbery body absorbs attacks. (AC +1, EV +1)
Your mind is acute. (Int +2)


Message History

The centaur warrior shoots an arrow.
The arrow hits you!
You hear two shouts!
Unknown command.
Casting: Airstrike (dangerous; 3% risk of failure)
Confirm with . or Enter, or press ? or * to list all spells.
Aiming: Airstrike (dangerous; 3% risk of failure)
Press: ? - help, Dir - move target cursor, f/p - centaur warrior
Aim: a centaur warrior, wielding a +0 shortbow and quivering 19 arrows (moderately wounded)
The air twists around and strikes the centaur warrior!
The centaur warrior is heavily wounded.
The centaur warrior shoots an arrow.
The arrow hits you!!
The centaur warrior shoots an arrow.
The arrow hits you!!
* * * LOW HITPOINT WARNING * * *
Okay, then.
Aiming: Cloud Cone
Press: ? - help, Dir - move target cursor You create a blast of noxious fumes!
The centaur warrior is engulfed in noxious fumes.
The centaur warrior shoots an arrow.
The arrow hits you!
You die...

...# ..c# ## .## ...#
#.###.# ...# .. ..#..#
...# #. #...# ..§# #.
#..#######c§§####
..##.####.....@..§§§§....
.....#...................
#....................
#..##.#..###.#...####
######..#..#..# #.#..##
#.......#.##..# #.#..#
#.####..#. #..# #.#..#
##.##..........# #.#.>#
...........##### #..


You could see a centaur warrior.

Vanquished Creatures
  Gastronok (D:8)
  Pikel (D:8)
  A hippogriff (D:8)
  3 yaks (D:9)
  A human (D:3)
  Duvessa (D:5)
  2 orc warriors
  A slave (D:8)
  A sky beast (D:6)
  A black bear (D:7)
  2 ogres
  2 centaurs
  A phantom (D:6)
  A bullfrog (D:6)
  Dowan (D:5)
  2 scorpions
  4 wights (D:6)
  4 crimson imps
  A jelly (D:8)
  A gnoll shaman (D:5)
  2 hounds
  3 orc priests
  A centaur skeleton (D:4)
  4 orc wizards (D:6)
  2 bullfrog skeletons
  Ijyb (D:5)
  A human skeleton (D:3)
  An iguana (D:6)
  3 worker ants
  2 hound zombies
  2 worker ant zombies
  4 gnolls (D:5)
  8 adders
  A shadow imp (D:5)
  An ooze (D:2)
  A worm (D:2)
  3 dart slugs
  2 leopard geckos
  13 orcs
  6 giant cockroaches
  6 goblins
  4 hobgoblins
  21 jackals
  7 kobolds
  11 quokkas
  9 bats
  5 frilled lizards
  A goblin zombie (D:3)
  A jackal skeleton (D:4)
  A quokka zombie (D:7)
  7 rats
166 creatures vanquished.

Notes
Turn   | Place    | Note
-------+----------+-------------------------------------------
     0 | D:1      | Ethylacetat the Octopode Air Elementalist began the quest
                  | for the Orb.
     0 | D:1      | Reached XP level 1. HP: 11/11 MP: 3/3
   341 | D:1      | Reached XP level 2. HP: 17/17 MP: 0/5
   993 | D:2      | Reached XP level 3. HP: 9/21 MP: 0/6
  1191 | D:2      | Found an iron altar of Okawaru.
  1551 | D:2      | Found a hide-covered altar of Uskayaw.
  1552 | D:2      | Found a snail-covered altar of Cheibriados.
  1552 | D:2      | Found a burning altar of Makhleb.
  1565 | D:2      | Found a shadowy altar of Dithmenos.
  1577 | D:2      | Found a shimmering altar of Xom.
  1665 | D:2      | Reached XP level 4. HP: 27/27 MP: 7/7
  2097 | D:3      | Found a runed translucent door.
  2097 | D:3      | Noticed a human
  2108 | D:3      | Reached skill level 4 in Air Magic
  2158 | D:3      | Found a basalt altar of Yredelemnul.
  2171 | D:3      | Killed a human
  2171 | D:3      | Reached XP level 5. HP: 20/31 MP: 9/9
  2171 | D:3      | Reached XP level 6. HP: 23/36 MP: 10/10
  2180 | D:3      | Learned a level 4 spell: Airstrike
  2186 | D:3      | Learned a level 5 spell: Lightning Bolt
  2973 | D:3      | Found a faded altar of an unknown god.
  3827 | D:4      | Reached skill level 5 in Air Magic
  4124 | D:4      | Reached XP level 7. HP: 41/41 MP: 12/12
  4228 | D:4      | You fall into a shaft and drop 3 floors!
  4413 | D:5      | Entered Level 5 of the Dungeon
  4448 | D:4      | Found Guguh's Jewellery Shop.
  4908 | D:5      | Noticed Ijyb
  4910 | D:5      | Killed Ijyb
  4927 | D:5      | Reached skill level 5 in Conjurations
  5350 | D:5      | Found a runed translucent door.
  5396 | D:5      | Reached skill level 6 in Air Magic
  5463 | D:5      | Noticed Dowan
  5468 | D:5      | Killed Dowan
  5480 | D:5      | Noticed Duvessa
  5486 | D:5      | Killed Duvessa
  5486 | D:5      | Reached XP level 8. HP: 30/46 MP: 10/14
  5656 | D:5      | Noticed generaletaddeo's ghost (amateur DEWz)
  5668 | D:5      | Found a staircase to the Ecumenical Temple.
  5680 | Temple   | Entered the Ecumenical Temple
  5727 | Temple   | Became a worshipper of Vehumet
  5807 | D:5      | Found a runed translucent door.
  6299 | D:6      | Reached skill level 7 in Air Magic
  6662 | D:6      | Reached XP level 9. HP: 51/51 MP: 16/16
  6775 | D:6      | Reached skill level 5 in Spellcasting
  7080 | D:6      | Reached skill level 8 in Air Magic
  7628 | D:7      | Reached * piety under Vehumet
  7628 | D:7      | Offered knowledge of Magic Dart by Vehumet.
  7635 | D:7      | Found a sacrificial altar of Ru.
  7844 | D:7      | Got a masterwork long sword
  7845 | D:7      | Identified the +11 long sword of Liad {protect, +Rage rF+}
                  | (You found it on level 7 of the Dungeon)
  8039 | D:8      | Reached skill level 1 in Evocations
  8148 | D:8      | Found Opik's Armour Shop.
  8156 | D:8      | Bought a +0 buckler of protection for 172 gold pieces
  8350 | D:8      | Noticed Pikel
  8357 | D:8      | Killed Pikel
  8357 | D:8      | Reached skill level 1 in Fighting
  8357 | D:8      | Reached skill level 1 in Long Blades
  8357 | D:8      | Reached skill level 1 in Shields
  8397 | D:8      | Noticed Gastronok
  8401 | D:8      | Gained mutation: Your mind is acute. (Int +2) [potion of
                  | mutation]
  8401 | D:8      | Gained mutation: You are somewhat resistant to further
                  | mutation. [potion of mutation]
  8402 | D:8      | Lost mutation: Your mind is acute. (Int +2) [potion of
                  | mutation]
  8402 | D:8      | Lost mutation: You are somewhat resistant to further
                  | mutation. [potion of mutation]
  8402 | D:8      | Gained mutation: You are frail. (-10% HP) [potion of
                  | mutation]
  8402 | D:8      | Lost mutation: You are frail. (-10% HP) [potion of
                  | mutation]
  8402 | D:8      | Gained mutation: Your mind is acute. (Int +2) [potion of
                  | mutation]
  8447 | D:8      | Killed Gastronok
  8447 | D:8      | Reached XP level 10. HP: 63/63 MP: 0/17
  9187 | D:9      | Noticed a centaur warrior
  9195 | D:9      | Shot with an arrow by a centaur warrior

Illustrated notes

Levels and vault maps discovered:
D:1:      heliophobic_arrival_battle_scene, layout_basic, minmay_box_of_dots
D:2:      cheibrodos_old_hovel, layout_loops_ring,
          nicolae_overflow_hidden_temple, okawaru_trees_2, lemuel_doored_altar,
          chequers_temple_overflow_statue_of_worship, minmay_pentomino_w2
D:3:      layout_basic, chequers_ecumenical_altar_simple, dk_yredelemnul_ordeal
D:4:      layout_basic, first_ration, serial_shops, shop
D:5:      layout_rooms, temple_pool_b, ebering_ghost_sewer_f, uniq_duvessa,
          uniq_ijyb
D:6:      layout_loops_ring
D:7:      layout_basic, nicolae_ru_path_of_blood
D:8:      layout_cave_pods, serial_shops, shop, uniq_gastronok, uniq_pikel
D:9:      layout_loops_cross, serial_shops, shop,
          hangedman_little_slice_of_home, nemelex_diamond_rough_becter,
          uniq_harold, uniq_psyche
Temple:   zaba_magenta_temple

Skill      XL: |  1  2  3  4  5  6  7  8  9 10 |
---------------+-------------------------------+-----
Conjurations   | 2 3 4 5 7 |  7.7
Air Magic      | 4 5 6 7 8 |  8.2
Spellcasting   | 3 4 5 |  5.4
Stealth        | 6 |  6.4
Evocations     | 4 |  4.3
Fighting       | 3 |  3.9
Long Blades    | 3 4 |  4.1
Shields        | 3 |  3.6
Dodging        | |  2.0

Action                   |  1- 3 |  4- 6 |  7- 9 | 10-12 || total
-------------------------+-------+-------+-------+-------++-------
Melee: Unarmed           |    22 |     1 |       |       ||    23
       Constrict         |     8 |     6 |    16 |       ||    30
       Tentacles         |     4 |     1 |    12 |     2 ||    19
       Whip              |       |    13 |    28 |       ||    41
       Short sword       |       |       |     4 |       ||     4
       Trident           |       |       |    22 |       ||    22
       Long sword        |       |       |    15 |     7 ||    22
 Cast: Shock             |    47 |   102 |    77 |       ||   226
       Airstrike         |       |       |    59 |    11 ||    70
Evoke: Wand              |       |       |       |     1 ||     1
  Use: Potion            |       |       |     7 |       ||     7
       Scroll            |       |       |    10 |       ||    10
 Stab: Sleeping          |     1 |     2 |     4 |       ||     7
       Distracted        |       |       |     1 |       ||     1
  Eat: Chunk             |     3 |     7 |    19 |     4 ||    33
       Ration            |       |       |     1 |       ||     1
Armor: Skin              |     7 |     2 |     4 |     2 ||    15
Dodge: Dodged            |    31 |    13 |    60 |     2 ||   106
Block: Buckler           |       |       |       |     2 ||     2
       Rpst.: Long sword |       |       |     3 |       ||     3
